 Dungeon Crawl Stone Soup version 0.28.0-45-g0d030f2227 (webtiles) character file.

Game seed: 16438067552030232861

357 zeratav the Insei (level 6, -5/42 HPs)
             Began as an Octopode Transmuter on Apr 11, 2022.
             Slain by an ogre
             ... wielding a +0 giant spiked club
              (22 damage)
             ... on level 4 of the Dungeon.
             The game lasted 00:03:56 (3277 turns).

zeratav the Insei (Octopode Transmuter)             Turns: 3277, Time: 00:03:57

Health: -5/42      AC:  1    Str: 10    XL:     6   Next: 64%
Magic:  8/9        EV: 14    Int: 15    God:
Gold:   120        SH:  0    Dex: 14    Spells: 8/9 levels left

rFire   . . .      SeeInvis .   a - +2 dagger (protect) {short}
rCold   . . .      Faith    .   (no shield)
rNeg    . . .      Spirit   .   (helmet currently unavailable)
rPois   .          Reflect  .   (no amulet)
rElec   .          Harm     .   k - ring of flight
rCorr   .          Rampage  .   (no ring)
Will    .....                   (no ring)
Stlth   +++.......              (no ring)
HPRegen 0.14/turn               (no ring)
MPRegen 0.11/turn               (no ring)
                                (no ring)
                                (no ring)

@: appendages (expiring), flying
A: tentacle spike 3, almost no armour, amphibious, 8 rings, camouflage 1,
gelatinous body 1, (nimble swimmer 1), tentacles
a: End Transformation


You were on level 4 of the Dungeon.
One of your tentacles had grown a beastly spike.
You visited 1 branch of the dungeon, and saw 4 of its levels.

You collected 120 gold pieces.


Innate Abilities, Weirdness & Mutations

One of your tentacles has grown a beastly spike.
You cannot wear most types of armour.
You are amphibious.
You can wear up to eight rings at the same time.
Your skin changes colour to match your surroundings (Stealth+).
Your rubbery body absorbs attacks. (AC +1, EV +1)
((You are camouflaged when in or above water. (Stealth+)))
You have tentacles for arms and can constrict up to eight enemies at once.


   Skills:
 + Level 3.0 Fighting
 + Level 3.5 Dodging
 + Level 3.8 Stealth
 * Level 5.0 Unarmed Combat
 - Level 2.0 Spellcasting
 - Level 2.0 Transmutations


You had 8 spell levels left.
You knew the following spells:

 Your Spells              Type           Power      Damage    Failure   Level
a - Beastly Appendage     Tmut           14%        N/A       10%         1

Your spell library contained the following spells:

 Spells                   Type           Power      Damage    Failure   Level
 Wereblood                Tmut           7%         N/A       14%         2
 Animate Skeleton         Necr           2%         N/A       22%         1
 Pain                     Necr           4%         1d4       22%         1
 Slow                     Hex            4%         N/A       22%         1
 Spider Form              Tmut/Pois      4%         N/A       41%         3
 Confusing Touch          Hex            1%         N/A       54%         3
 Vampiric Draining        Necr           1%         2d6       54%         3
 Ice Form                 Ice/Tmut       4%         N/A       82%         4

Inventory:

Hand Weapons
 a - a +2 dagger of protection (weapon) {short}
   (You took it off a goblin on level 1 of the Dungeon)
Armour
 f - a +2 hat (melded)
   (You found it on level 3 of the Dungeon)
Jewellery
 k - a ring of flight (left tentacle)
   (You found it on level 4 of the Dungeon)
Scrolls
 b - 2 scrolls of teleportation {unknown}
 c - a scroll of enchant armour {unknown}
 g - a scroll of fog {unknown}
 h - 3 scrolls of identify {unknown}
 j - a scroll of holy word {unknown}
Potions
 d - a potion of heal wounds {unknown}
 e - a potion of haste {unknown}
 i - a potion of attraction {unknown}
 l - a potion of mutation {unknown}

Dungeon Overview and Level Annotations

Branches:
Dungeon (4/15)
 Temple: D:4-7

Altars:
Uskayaw

Shops:
D:2 ?

Annotations:
D:2 1 runed translucent door, Crazy Yiuf

# .# #######.###
#......>..
#.......#
#.#####.......####
#.....O...?.......
#@......#
#......(#
#.......#
#.†.....##
#........#
#........#
#........#
#........#
#........#


You could see an ogre.


Message History

No target in view!
No target in view!
No target in view!
No target in view!
No target in view!
No target in view!
No target in view!
No target in view!
No target in view!
No target in view!
No target in view!
No target in view!
No target in view!
No target in view!
Your transformation is almost over.
h - 3 scrolls labelled HIUTIO TU FEZU (gained 1)
You now have 120 gold pieces (gained 12).
Your tentacle spike disappears.
Your +2 hat unmelds from your body.
An adder comes into view.
MP[+1]
Your mp is fully restored (9).
An adder is nearby!
One of your tentacles grows a vicious spike.
Your +2 hat melds into your body.
The adder hisses angrily.
MP[-1]
You lost 1 mp, and now have 8/9 mp.
A ball python comes into view.
The ball python hisses angrily.
You hit the adder.
Your weapon exudes an aura of protection.
You grab the adder. You squeeze the adder. You constrict the adder.
You kill the adder!
Found a stone staircase leading down.
The ball python completely misses you. The ball python grabs you.
The ball python constricts you.
HP[-1]
You take 1 damage, and now have 41/42 hp.
You hit the ball python.
Your weapon exudes an aura of protection.
You grab the ball python. You squeeze the ball python.
You kill the ball python!
Your transformation is almost over.
No target in view!
No target in view!
No target in view!
No target in view!
No target in view!
No target in view!
No target in view!
No target in view!
No target in view!
No target in view!
No target in view!
No target in view!
No target in view!
No target in view!
No target in view!
No target in view!
No target in view!
No target in view!
No target in view!
An ogre comes into view. It is wielding a +0 giant spiked club.
HP[+1] MP[+1]
Your hp is fully restored (42).
Your mp is fully restored (9).
An ogre is nearby!
You extend your transformation's duration.
The ogre shouts!
MP[-1]
You lost 1 mp, and now have 8/9 mp.
The ogre hits you with a +0 giant spiked club!!
Ouch! That really hurt!
* * * LOW HITPOINT WARNING * * *
You are too injured to fight recklessly!
HP[-25]
You take 25 damage, and now have 17/42 hp.
MASSIVE DAMAGE!! (PAUSE)
You are too injured to fight recklessly!
You are too injured to fight recklessly!
You are too injured to fight recklessly!
You are too injured to fight recklessly!
You are too injured to fight recklessly!
You are too injured to fight recklessly!
You are too injured to fight recklessly!
You are too injured to fight recklessly!
You are too injured to fight recklessly!
You are too injured to fight recklessly!
You are too injured to fight recklessly!
You are too injured to fight recklessly!
You are too injured to fight recklessly!
You are too injured to fight recklessly!
You are too injured to fight recklessly!
You are too injured to fight recklessly!
You are too injured to fight recklessly!
You barely miss the ogre.
You pierce the ogre.
Your transformation is almost over.
The ogre hits you with a +0 giant spiked club!!
Ouch! That really hurt!
You die...

Skill      XL: |  1  2  3  4  5  6 |
---------------+-------------------+-----
Stealth        | 1 2 3 |  3.8
Fighting       | 2 3 |  3.0
Unarmed Combat | 4 5 |  5.0
Dodging        | 3 |  3.5
Spellcasting   | |  2.0
Transmutations | |  2.0

Action                   |  1- 3 |  4- 6 || total
-------------------------+-------+-------++-------
Melee: Unarmed           |    37 |       ||    37
       Kick              |    23 |    18 ||    41
       Constrict         |    17 |    26 ||    43
       Tentacles         |     9 |    17 ||    26
       Dagger            |    34 |    62 ||    96
       Punch             |     2 |     3 ||     5
 Cast: Beastly Appendage |    22 |    18 ||    40
 Stab: Sleeping          |     8 |     7 ||    15
Armor: Skin              |     6 |     7 ||    13
Dodge: Dodged            |    48 |    32 ||    80

Levels and vault maps discovered:
D:1:      sevenhm_arrival_forest_fort_small_3, layout_basic,
          nicolae_figureground_sparkle
D:2:      layout_loops_ring, serial_shops, nicolae_lakefront_shop, basic_altar,
          corexii_hall_statues_s, uniq_terence, uniq_crazy_yiuf_cottage,
          uniq_jessica
D:3:      layout_rooms, kennysheep_generic_room_6
D:4:      layout_basic, st_stairs_14, nrook_uturn, minmay_splitting_lines,
          minivault_19

Notes
Turn   | Place    | Note
-------+----------+-------------------------------------------
     0 | D:1      | zeratav the Octopode Transmuter began the quest for the
                  | Orb.
     0 | D:1      | Reached XP level 1. HP: 13/13 MP: 3/3
     0 | D:1      | magus.rc [v1.9.6]
   202 | D:1      | Reached XP level 2. HP: 16/18 MP: 3/5
   214 | D:1      | Reached skill level 1 in Stealth
   857 | D:1      | Reached XP level 3. HP: 21/23 MP: 4/6
  1164 | D:2      | Found a hide-covered altar of Uskayaw.
  1353 | D:2      | Found Xucoygri's Magic Scroll Shop.
  1553 | D:2      | Noticed a scorpion
  1565 | D:2      | Killed a scorpion
  1566 | D:2      | Reached skill level 2 in Fighting
  1566 | D:2      | Reached skill level 2 in Stealth
  1566 | D:2      | Reached skill level 4 in Unarmed Combat
  1566 | D:2      | Reached XP level 4. HP: 26/29 MP: 7/7
  1661 | D:2      | Noticed Terence
  1668 | D:2      | Killed Terence
  1669 | D:2      | Reached XP level 5. HP: 34/34 MP: 6/8
  1704 | D:2      | Found a runed translucent door.
  1705 | D:2      | Noticed Crazy Yiuf
  1761 | D:2      | Noticed Jessica
  1766 | D:2      | Killed Jessica
  1996 | D:2      | Reached skill level 3 in Dodging
  1996 | D:2      | Reached skill level 3 in Stealth
  2416 | D:3      | You pick up a book of Necromancy and begin reading...
  2416 | D:3      | You add the spells Pain, Animate Skeleton and Vampiric
                  | Draining to your library.
  2423 | D:3      | Reached XP level 6. HP: 41/41 MP: 7/9
  2652 | D:3      | You pick up a book of Debilitation and begin reading...
  2652 | D:3      | You add the spells Slow and Confusing Touch to your
                  | library.
  2908 | D:4      | Reached skill level 3 in Fighting
  2908 | D:4      | Reached skill level 5 in Unarmed Combat
  3277 | D:4      | Slain by an ogre

Vanquished Creatures
  3 scorpions
  Jessica (D:2)
  Terence (D:2)
  A hound skeleton (D:4)
  3 adders
  3 worms
  3 dart slugs
  2 orcs (D:3)
  10 ball pythons
  4 bats (D:1)
  3 endoplasms (D:1)
  A giant cockroach (D:1)
  8 goblins
  2 hobgoblins (D:1)
  7 jackals
  2 quokkas
  3 frilled lizards
  5 kobolds
  9 rats
71 creatures vanquished.

Table legend:
 A = Non-vault XP
 B = Vault XP
 C = Vault XP percentage of total XP
 D = Non-vault monster count
 E = Vault monster count
 F = Vault count percentage of total count
                 A         B        C        D         E       F
            +---------+---------+-------+---------+---------+-------
      Total |     432 |      79 |  15.5 |      66 |       5 |   7.0
            +---------+---------+-------+---------+---------+-------
        D:1 |      51 |       0 |   0.0 |      29 |       0 |   0.0
        D:2 |     109 |      69 |  38.8 |      10 |       2 |  16.7
        D:3 |     120 |       6 |   4.8 |      15 |       2 |  11.8
        D:4 |     152 |       4 |   2.6 |      12 |       1 |   7.7
            +---------+---------+-------+---------+---------+-------

Illustrated notes

Table legend:
 A = Kills in this place as a percentage of kills in entire the game.
 B = Kills by you in this place as a percentage of kills by you in the entire game.
 C = Kills by friends in this place as a percentage of kills by friends in the entire game.
 D = Other kills in this place as a percentage of other kills in the entire game.
 E = Experience gained in this place as a percentage of experience gained in the entire game.
 F = Experience gained in this place divided by the number of levels of this place that you have seen.
                   A       B       C       D       E      F
               +-------+-------+-------+-------+-------+----------------------
         Total | 100.0 | 100.0 |   N/A |   N/A | 100.0 | 127.8
       Dungeon | 100.0 | 100.0 |   N/A |   N/A | 100.0 | 127.8
               +-------+-------+-------+-------+-------+----------------------

Table legend: (Time is in decaauts)
 A = Elapsed time spent in this place.
 B = Non-inter-level travel time spent in this place.
 C = Inter-level travel time spent in this place.
 D = Time resting spent in this place.
 E = Time spent auto-exploring this place.
 F = Levels seen in this place.
 G = Mean time per level.
                   A        B        C        D        E       F      G
               +--------+--------+--------+--------+--------+-----+--------+
         Total |   3275 |   3153 |    122 |      0 |   2712 |   4 |  818.8 |
       Dungeon |   3275 |   3153 |    122 |      0 |   2712 |   4 |  818.8 |
               +--------+--------+--------+--------+--------+-----+--------+

Top non-repeatable levels by time:
     D:1: 1124 daAuts
     D:2: 1060 daAuts
     D:4: 549 daAuts
     D:3: 540 daAuts
